 Seeded DCSS version 0.28-a0-1624-g820543e53a (webtiles) character file.

Game seed: 2490119803153644244 (custom seed)

40 innerfire433 the Skirmisher (level 3, -6/29 HPs)
             Began as a Demonspawn Monk on Jan 23, 2022.
             Was a High Priest of Ignis.
             Mangled by a hobgoblin (9 damage)
             ... on level 2 of the Dungeon.
             The game lasted 00:02:40 (878 turns).

innerfire433 the Skirmisher (Demonspawn Monk)        Turns: 878, Time: 00:02:40

Health: -6/29      AC:  2    Str: 11 (13) XL:     3   Next: 30%
Magic:  3/3        EV: 10    Int:  8 (11) God:    Ignis [*****.]
Gold:   17         SH:  4    Dex: 14 (17) Spells: 2/2 levels left

rFire   + . .      SeeInvis .   a - +0 falchion
rCold   . . .      Faith    .   (no shield)
rNeg    . . .      Spirit   .   b - +0 robe
rPois   .          Reflect  .   (no helmet)
rElec   .          Harm     .   (no cloak)
rCorr   .          Rampage  .   (no gloves)
Will    .....                   (no boots)
Stlth   +++.......              (no amulet)
HPRegen 0.09/turn               (no ring)
MPRegen 0.16/turn               (no ring)

@: constricted
A: magic regeneration, demonic touch 1, large bone plates 1, thin skeletal
structure 1, high mp 1
a: Renounce Religion, Fiery Armour, Foxfire Swarm, Rising Flame


You were on level 2 of the Dungeon.
You worshipped Ignis.
Ignis was extremely pleased with you.
You visited 1 branch of the dungeon, and saw 2 of its levels.

You collected 17 gold pieces.

Inventory:

Hand Weapons
 a - a +0 falchion (weapon)
Armour
 b - a +0 robe (worn)
Scrolls
 c - a scroll of fog {unknown}
Potions
 e - a potion of curing {unknown}


   Skills:
 + Level 3.3 Fighting
 + Level 3.0 Long Blades
 + Level 3.1 Dodging
 + Level 2.3 Stealth


You had 2 spell levels left.
You didn't know any spells.
Your spell library contained the following spells:

 Spells                   Type           Power      Damage    Failure   Level
 Beastly Appendage        Tmut           0%         N/A       41%         1
 Wereblood                Tmut           0%         N/A       54%         2
 Spider Form              Tmut/Pois      0%         N/A       78%         3


Dungeon Overview and Level Annotations

Branches:
Dungeon (2/15)

Altars:
Ignis

Annotations:
D:2 Robin


Innate Abilities, Weirdness & Mutations

You regenerate magic rapidly.
Your touch may inflict minor irresistible damage on your foes.
You are partially covered in large bone plates. (SH +4)
You have a somewhat thin skeletal structure. (Dex +2, Stealth+)
You have an increased reservoir of magic. (+10% MP)


Message History

The goblin hits you with a +0 dagger. x2
* * * LOW HITPOINT WARNING * * *
You float gracefully downwards.
The goblin hits you with a +0 dagger.
* * * LOW HITPOINT WARNING * * *
The goblin hits you with a +0 dagger.
* * * LOW HITPOINT WARNING * * *
You hit the goblin.
The goblin is moderately wounded.
The hobgoblin zaps a wand.
You turn into an insubstantial wisp.
Your +0 falchion melds into your body.
Your +0 robe melds into your body.
A hobgoblin comes into view. It is wielding a +0 hand axe.
The goblin barely misses you.
A goblin and a ball python come into view.
The hobgoblin shouts!
The goblin closely misses you. The goblin hits you but does no damage.
The ball python hisses angrily.
You hear a shout!
The goblin closely misses you. The goblin misses you. The goblin misses you.
The hobgoblin misses you. The hobgoblin closely misses you.
You see here a +0 club.
The ball python barely misses you.
You see here a +0 club.
Your transformation is almost over.
The ball python bites you but does no damage.
The goblin hits you but does no damage. The ball python closely misses you.
You see here a hobgoblin corpse.
The hobgoblin misses you. The hobgoblin barely misses you.
The goblin hits you but does no damage. The goblin misses you.
The ball python closely misses you.
The hobgoblin hits you with a +0 hand axe.
* * * LOW HITPOINT WARNING * * *
The ball python completely misses you. The goblin misses you.
Your transformation has ended.
Your +0 falchion unmelds from your body.
Your +0 robe unmelds from your body.
You block the ball python's attack. The ball python grabs you.
The ball python constricts you.
The hobgoblin hits you with a +0 hand axe!
You die...

#.........†....#.#.#
#.####....).)†.#...#
.. #.#....†..<...#
## ...##..#...†...#
#.#####.#...#...#
... #.#....g..# ##
#.......#.##
###...gS#..#
###gg@...#
##.......#
#.........
###....... ..###..
### .


You could see 2 hobgoblins, 2 goblins and a ball python.

Vanquished Creatures
  A worm (D:2)
  A dart slug (D:1)
  3 endoplasms (D:1)
  A giant cockroach (D:2)
  6 goblins
  6 hobgoblins
  4 jackals (D:1)
  3 ball pythons (D:1)
  A bat (D:2)
  A frilled lizard (D:1)
  2 kobolds
  2 rats
31 creatures vanquished.

Vanquished Creatures (others)
  26 foxfires
26 creatures vanquished.

Grand Total: 57 creatures vanquished

Notes
Turn   | Place    | Note
-------+----------+-------------------------------------------
     0 | D:1      | innerfire433 the Demonspawn Monk began the quest for the
                  | Orb.
     0 | D:1      | Reached XP level 1. HP: 18/18 MP: 1/1
    85 | D:1      | Found a faded altar of an unknown god.
    91 | D:1      | Prayed at the altar of an unknown god.
    91 | D:1      | Became a worshipper of Ignis, the Dying Flame
    91 | D:1      | Reached ****** piety under Ignis
   101 | D:1      | Gained mutation: Your touch may inflict minor irresistible
                  | damage on your foes. [demonic ancestry]
   101 | D:1      | Reached XP level 2. HP: 16/24 MP: 2/2
   795 | D:2      | Gained mutation: You regenerate magic rapidly. [demonic
                  | ancestry]
   795 | D:2      | Reached XP level 3. HP: 23/29 MP: 3/3
   797 | D:2      | Noticed Robin
   833 | D:2      | Gained mutation: Your natural rate of healing is unusually
                  | fast. [potion of mutation]
   834 | D:2      | Lost mutation: Your natural rate of healing is unusually
                  | fast. [potion of mutation]
   834 | D:2      | Gained mutation: You are partially covered in large bone
                  | plates. (SH +4) [potion of mutation]
   834 | D:2      | Gained mutation: You have an increased reservoir of magic.
                  | (+10% MP) [potion of mutation]
   834 | D:2      | Gained mutation: You have a somewhat thin skeletal
                  | structure. (Dex +2, Stealth+) [potion of mutation]
   878 | D:2      | Mangled by a hobgoblin

Illustrated notes

Levels and vault maps discovered:
D:1:      lightli_arrival_statue_moat, layout_basic,
          nicolae_ecumenical_snake_handling, nrook_mini_backslash,
          chequers_jeans, serial_park_tiny_pond
D:2:      layout_rooms, minmay_misc_feat_nine_boxes, uniq_robin

Skill      XL: |  1  2 |
---------------+-------+-----
Stealth        | 2 |  2.3
Long Blades    | 3 |  3.0
Dodging        | 3 |  3.1
Fighting       | |  3.3

Action                   || total
-------------------------++-------
Melee: Falchion          ||    50
       Touch             ||     6
       Punch             ||     1
Invok: Foxfire Swarm     ||     2
  Use: Potion            ||     4
Armor: Robe              ||    11
       Skin              ||     4
Dodge: Dodged            ||    76
Block: Other             ||     1

Table legend: (Time is in decaauts)
 A = Elapsed time spent in this place.
 B = Non-inter-level travel time spent in this place.
 C = Inter-level travel time spent in this place.
 D = Time resting spent in this place.
 E = Time spent auto-exploring this place.
 F = Levels seen in this place.
 G = Mean time per level.
                   A        B        C        D        E       F      G
               +--------+--------+--------+--------+--------+-----+--------+
         Total |    886 |    867 |     19 |      0 |    639 |   2 |  443.0 |
       Dungeon |    886 |    867 |     19 |      0 |    639 |   2 |  443.0 |
               +--------+--------+--------+--------+--------+-----+--------+

Top non-repeatable levels by time:
     D:1: 777 daAuts
     D:2: 108 daAuts
